Map: World of Sleepers LE

Players

PAPI

  • Race: Protoss Protoss
  • League: Master
  • Spawn Location: 7:00

Lambo - Winner!

  • Race: Zerg Zerg
  • League: Master
  • Spawn Location: 1:00

VOD

Have the link to the VOD?

Description

Time

  • Played on: Aug. 23, 2019, 1:04 p.m.
  • Length: 9:24
Show
View Real Time Build Order
Export as new Build Order

PAPI Protoss 

Build Orders: 1 Gate Expand, Oracle Opening, Zealot Archon, Archon Drop 

Get SALT Encoding   

  12  0:00  Probe  
  13  0:12  Probe  
  14  0:21  Pylon  
  14  0:25  Probe  
  15  0:35  Probe  
  16  0:43  Probe  
  16  0:49  Gateway  
  17  0:50  Assimilator  
  17  0:53  Probe  
  18  1:05  Probe  
  19  1:17  Probe  
  20  1:25  Nexus  
  20  1:37  Cybernetics Core  
  20  1:39  Probe  
  21  1:45  Assimilator  
  21  1:51  Probe  
  22  1:55  Pylon  
  22  2:03  Probe  
  22  2:04  Adept  
  23  2:15  Probe  
  26  2:19  Stargate  
  26  2:25  Adept  
  26  2:27  Probe  
  26  2:29  Warp Gate  
  27  2:34  Probe  
  29  2:39  Probe  
  29  2:42  Probe  
  32  2:51  Probe  
  32  2:52  Probe  
  32  2:54  Adept  
  32  2:56  Oracle  
  36  3:04  Probe x2  
  41  3:16  Probe, Pylon  
  41  3:18  Probe  
  43  3:28  Probe  
  43  3:30  Probe  
  45  3:40  Probe  
  42  3:42  Probe  
  42  3:44  Robotics Facility  
  42  3:47  Gateway  
  42  3:48  Shield Battery  
  43  3:49  Assimilator  
  43  3:52  Assimilator, Probe x2, Twilight Council  
  44  3:59  Pylon  
  45  4:02  Probe  
  45  4:04  Probe  
  47  4:14  Probe  
  47  4:16  Probe  
  49  4:18  Adept  
  49  4:22  Warp Prism, Pylon  
  51  4:25  Gateway  
  51  4:26  Probe  
  51  4:27  Gateway  
  51  4:30  Probe  
  53  4:38  Probe  
  56  4:41  Adept  
  58  4:46  Templar Archives  
  58  4:50  Pylon  
  58  5:00  Nexus  
  58  5:06  Probe  
  59  5:09  Immortal  
  59  5:10  Probe  
  64  5:23  Probe  
  64  5:24  Probe  
  66  5:29  Pylon  
  66  5:31  High Templar x2  
  66  5:32  High Templar x2  
  72  5:35  Probe, Archon  
  72  5:36  Archon  
  72  5:38  Probe  
  72  5:41  Immortal  
  72  5:43  Forge  
  72  5:48  Probe  
  72  5:49  Assimilator  
  77  5:50  Probe  
  78  6:00  Probe  
  78  6:03  Probe  
  77  6:07  Zealot  
  77  6:09  Probe  
  77  6:10  Gateway  
  79  6:12  Probe, Gateway  
  79  6:13  Probe  
  79  6:16  Protoss Ground Weapons Level 1  
  79  6:17  Probe  
  78  6:20  Probe  
  78  6:21  Probe  
  78  6:25  Probe  
  81  6:29  Assimilator  
  81  6:30  Probe  
  82  6:33  Assimilator  
  82  6:36  Immortal  
  87  6:41  Zealot  
  87  6:43  Zealot, Gateway x2  
  91  6:49  Zealot, Psionic Storm  
  91  6:52  Zealot  
  95  6:54  Probe x2  
  95  6:56  Probe  
  98  7:06  Pylon  
  98  7:07  High Templar  
  100  7:10  Pylon  
  100  7:12  Pylon  
  100  7:14  Pylon  
  100  7:15  Charge  
  100  7:26  High Templar x3  
  100  7:28  Pylon  
  100  7:29  Pylon  
  106  7:31  High Templar x2  
  106  7:35  Observer  
  106  7:36  Archon  
  111  7:40  Gateway  
  111  7:41  Gateway, Zealot x3  
  111  7:43  Probe x2  
  118  8:00  Zealot, High Templar x2  
  118  8:01  Zealot x3  
  118  8:04  Archon  
  130  8:07  Nexus, Zealot x2  
  130  8:08  Pylon  
  134  8:19  Photon Cannon  
  127  8:21  Photon Cannon  
  127  8:22  Stalker x4  
  126  8:38  High Templar  
  126  8:39  Zealot x2, High Templar  
  126  8:40  Zealot  
  131  8:42  Archon  
  123  8:56  Zealot  
  123  8:57  Zealot x4, Archon  
  123  9:02  Zealot  
Show
View Real Time Build Order
Export as new Build Order

Lambo Zerg - Winner!

Build Orders: Hatch First, Muta Ling Bane 

Get SALT Encoding   

  12  0:00  Drone  
  13  0:12  Overlord  
  13  0:16  Drone  
  14  0:31  Drone x2  
  16  0:50  Hatchery  
  16  0:51  Drone  
  16  0:54  Drone  
  17  0:58  Drone  
  18  1:08  Extractor  
  17  1:13  Spawning Pool  
  17  1:15  Drone  
  17  1:19  Drone  
  18  1:27  Drone  
  19  1:39  Drone  
  20  1:50  Overlord  
  20  2:01  Queen x2  
  20  2:02  Zergling x4  
  26  2:11  Drone  
  26  2:13  Drone  
  28  2:21  Drone  
  29  2:26  Drone  
  30  2:33  Drone  
  30  2:35  Hatchery  
  30  2:37  Pneumatized Carapace  
  30  2:39  Drone  
  31  2:47  Drone  
  31  2:48  Overlord  
  32  2:54  Queen  
  32  2:57  Drone  
  35  2:58  Drone  
  35  3:04  Metabolic Boost  
  36  3:08  Zergling x4  
  38  3:16  Drone x2  
  38  3:19  Zergling x2  
  41  3:20  Drone  
  41  3:25  Zergling x2  
  42  3:33  Drone x2  
  42  3:38  Spore Crawler  
  42  3:41  Queen  
  41  3:46  Drone  
  44  3:49  Drone  
  44  3:50  Drone  
  44  3:53  Drone x2  
  48  3:56  Drone x2  
  50  4:08  Drone  
  50  4:09  Overlord  
  50  4:17  Overlord  
  50  4:20  Overlord  
  50  4:28  Drone x8  
  50  4:29  Overlord  
  58  4:35  Extractor  
  58  4:37  Roach Warren, Drone x3  
  58  4:38  Extractor  
  58  4:39  Drone  
  58  4:42  Drone  
  60  4:46  Drone  
  60  4:47  Lair  
  60  4:49  Drone  
  62  4:53  Overlord  
  62  4:54  Drone x2  
  62  4:57  Overlord  
  62  4:58  Evolution Chamber, Drone x2  
  65  5:02  Overlord  
  65  5:03  Drone  
  65  5:04  Overlord  
  66  5:08  Overlord  
  66  5:10  Drone x2  
  66  5:13  Drone  
  69  5:21  Roach x4  
  75  5:24  Roach x2  
  75  5:26  Drone x2  
  83  5:29  Drone  
  83  5:33  Drone x2  
  83  5:36  Drone  
  83  5:38  Zerg Missile Weapons Level 1  
  83  5:39  Extractor, Drone x3  
  86  5:45  Queen  
  86  5:46  Drone x2  
  86  5:48  Extractor  
  86  5:49  Drone  
  90  5:50  Extractor  
  90  5:53  Glial Reconstitution  
  90  5:54  Spire  
  86  5:58  Drone x3  
  86  6:01  Overlord  
  86  6:03  Drone x3  
  91  6:04  Drone  
  92  6:19  Overlord  
  92  6:20  Roach x4  
  92  6:25  Baneling Nest  
  99  6:26  Overlord  
  99  6:27  Hatchery  
  99  6:32  Overseer  
  97  6:33  Roach x4  
  97  6:38  Overlord x2  
  105  6:43  Overlord  
  105  6:45  Overlord  
  105  6:47  Overlord  
  105  6:53  Roach x4  
  113  6:56  Overlord  
  113  6:57  Roach x2  
  117  7:02  Overlord  
  117  7:03  Overlord  
  117  7:08  Mutalisk  
  117  7:09  Mutalisk, Infestation Pit  
  117  7:10  Mutalisk  
  117  7:13  Drone  
  123  7:20  Mutalisk x3  
  129  7:25  Centrifical Hooks  
  129  7:30  Zergling x16  
  129  7:31  Drone  
  129  7:33  Drone  
  129  7:36  Drone  
  140  7:41  Drone x5  
  145  7:44  Drone  
  145  7:49  Evolution Chamber  
  145  7:50  Unknown  
  144  7:57  Drone x5  
  147  7:58  Queen  
  147  8:00  Hive  
  147  8:02  Ravager  
  147  8:03  Ravager  
  151  8:07  Zergling x12  
  157  8:18  Zergling x18  
  166  8:24  Ravager  
  166  8:25  Ravager x6  
  173  8:27  Baneling x3  
  173  8:28  Roach, Zergling x6  
  173  8:30  Zergling x6  
  173  8:31  Baneling x3  
  179  8:37  Zergling x8  
  179  8:38  Baneling x6  
  179  8:39  Zergling x2  
  179  8:40  Baneling  
  184  8:46  Zergling x2  
  185  8:49  Baneling x9  
  185  8:53  Zergling x8  
  174  8:57  Zergling x14  
  174  9:00  Baneling x5  
  174  9:02  Roach  
  168  9:06  Zergling x4  
Tags
 
Add a new tag
Caveats
  • Supply blocks, unpowered buildings, or Contaminate may cause inaccurate times.
  • Supply counts are checked every 10 seconds.